 Dungeon Crawl Stone Soup version 0.24.0-37-gcf1ca852f1 (webtiles) character file.

Game seed: 1871817946670883848, levelgen mode: deterministic

18 theswoord the Twirler (level 2, -2/22 HPs)
             Began as a Demonspawn Gladiator on Nov 23, 2019.
             Slain by Natasha (9 damage)
             ... on level 2 of the Dungeon.
             The game lasted 00:00:40 (984 turns).

theswoord the Twirler (Demonspawn Gladiator)         Turns: 984, Time: 00:00:40

Health: -2/22      AC:  9    Str: 14    XL:     2   Next: 48%
Magic:  2/2        EV: 12    Int:  9    God:
Gold:   83         SH:  0    Dex: 14    Spells: 1/1 levels left

rFire    . . .     SeeInvis .   a - +0 quarterstaff
rCold    . . .     Gourm    .   (shield currently unavailable)
rNeg     . . .     Faith    .   b - +0 leather armour
rPois    .         Spirit   .   c - +0 helmet
rElec    .         Reflect  .   (no cloak)
rCorr    .         Harm     .   (no gloves)
MR       .....                  (no boots)
Stlth    +.........             (no amulet)
HPRegen  0.07/turn              i - +3 ring of protection
MPRegen  0.08/turn              (no ring)

@: slowed, very slow
A: yellow scales 1
a: no special abilities


You were on level 2 of the Dungeon.
You were not hungry.

You visited 1 branch of the dungeon, and saw 2 of its levels.

You collected 83 gold pieces.

Inventory:

Hand Weapons
 a - a +0 quarterstaff (weapon)
Missiles
 d - 3 throwing nets (quivered)
Armour
 b - a +0 leather armour (worn)
 c - a +0 helmet (worn)
 m - a +0 cloak
Jewellery
 i - a +3 ring of protection (left hand)
Scrolls
 e - 4 scrolls of random uselessness {unknown}
 g - 2 scrolls of enchant weapon {unknown}
 h - 3 scrolls of identify {unknown}
 j - 2 scrolls of blinking {unknown}
 k - a scroll of enchant armour {unknown}
 q - a scroll of remove curse {unknown}
Potions
 l - 2 potions of agility {unknown}
 o - a potion of flight {unknown}
 p - a potion of curing {unknown}
Comestibles
 f - 5 rations
 n - a chunk of flesh


   Skills:
 - Level 2.0 Fighting
 + Level 3.5 Staves
 - Level 1.7 Throwing
 - Level 2.6 Dodging


You had one spell level left.
You didn't know any spells.
Your spell library was empty.

Dungeon Overview and Level Annotations

Branches:
Dungeon (2/15)

Altars:

Annotations:
D:2 Natasha


Innate Abilities, Weirdness & Mutations

You are partially covered in yellow scales. (AC +2)


Message History

You sock Natasha!
Natasha is almost dead.
Natasha casts a spell.
You closely miss Natasha.
Natasha is almost dead.
Natasha casts a spell at you.
You feel yourself slow down.
Your leather armour prevents you from hitting Natasha.
Natasha is almost dead.
Natasha misses you. The iron imp closely misses you. Natasha claws you.
The iron imp barely misses you.
You hit Natasha but do no damage.
Natasha is almost dead.
Natasha claws you.
* * * LOW HITPOINT WARNING * * *
The iron imp closely misses you. Natasha claws you but does no damage.
You closely miss Natasha.
Natasha is almost dead.
The iron imp barely misses you. Natasha claws you!
You die...

# #.##### ### ##.#...#
##.## # ##......####...#
###.........##...#
.(..........##...#
.##.........###.######..
..##............@5......
...##.#...#####..h...#.#
....#.##..# ######.#
....#.#...##### ..
..#.#.#.#....... #
.##.#.#.........
###.#....###.###
(........# .# .##.####.#
#


You could see an iron imp and Natasha.

Vanquished Creatures
  A dart slug (D:1)
  3 goblins (D:1)
  3 hobgoblins
  3 bats (D:1)
  3 kobolds
  2 rats
15 creatures vanquished.

Notes
Turn   | Place    | Note
-------+----------+-------------------------------------------
     0 | D:1      | theswoord the Demonspawn Gladiator began the quest for the
                  | Orb.
     0 | D:1      | Reached XP level 1. HP: 16/16 MP: 1/1
    26 | D:1      | Reached skill level 3 in Staves
   144 | D:1      | Gained mutation: You are partially covered in yellow
                  | scales. (AC +2) [demonic ancestry]
   144 | D:1      | Reached XP level 2. HP: 18/22 MP: 2/2
   973 | D:2      | Noticed Natasha
   984 | D:2      | Slain by Natasha

Skill      XL: |  1 |
---------------+----+-----
Staves         | 3 |  3.5
Fighting       | |  2.0
Throwing       | |  1.7
Dodging        | |  2.6

Action                   || total
-------------------------++-------
Melee: Quarterstaff      ||    47
Armor: Leather armour    ||    18
Dodge: Dodged            ||    40

Levels and vault maps discovered:
D:1:      dpeg_arrival_central, layout_basic
D:2:      layout_loops_ring, lemuel_crystal_altar, lemuel_doored_altar,
          chequers_ecumenical_altar_lobes, uniq_terence, uniq_robin,
          uniq_natasha
